 Dungeon Crawl Stone Soup version 0.21.1-1-g345015f (webtiles) character file.

1623 tidbits the Insei (level 8, 24/61 HPs)
             Began as a Gnoll Transmuter on Feb 14, 2018.
             Quit the game on level 6 of the Dungeon.
             The game lasted 00:13:46 (1461 turns).

tidbits the Insei (Gnoll Transmuter)                Turns: 1461, Time: 00:13:47

Health: 24/61      AC:  2    Str: 16    XL:     8   Next: 97%
Magic:  17/17      EV: 25    Int: 18    God:
Gold:   210        SH:  0    Dex: 20    Spells: 8/19 levels left

rFire    . . .     SeeInvis .     - Unarmed
rCold    + . .     Gourm    .   (shield currently unavailable)
rNeg     . . .     Faith    .   (armour currently unavailable)
rPois    x         Spirit   .   (helmet currently unavailable)
rElec    .         Reflect  .   (cloak currently unavailable)
rCorr    .         Harm     .   (gloves currently unavailable)
MR       .....                  (boots currently unavailable)
Stlth    +++.......             (no amulet)
HPRegen  0.20/turn              u - ring of protection from cold
MPRegen  0.15/turn              o - +3 ring of strength

@: spider-form (expiring)
A: tiny, distributed training, strong nose
a: End Transformation


You were on level 6 of the Dungeon.
You were not hungry.
You were a venomous arachnid creature.
You visited 1 branch of the dungeon, and saw 7 of its levels.

You collected 210 gold pieces.

Inventory:

Hand Weapons
 e - a +0 dagger (melded)
 f - a +0 hunting sling
 i - a +0 hunting sling
 p - a +0 war axe
 q - a +0 short sword of holy wrath
   (You took it off a kobold on level 2 of the Dungeon)
 y - a +0 blowgun
Missiles
 a - 42 arrows
 g - 154 stones
 m - 5 tomahawks (quivered)
 s - 7 needles of confusion
 t - 16 poisoned needles
Armour
 b - a +0 robe (melded)
 l - a +0 ring mail
 z - a +0 shield
 F - a +1 pair of boots (melded)
Jewellery
 o - a +3 ring of strength (right front leg)
   (You found it on level 3 of the Dungeon)
 u - a ring of protection from cold (left front leg)
   (You found it on level 5 of the Dungeon)
 K - an uncursed ring of resist corrosion
   (You found it on level 2 of the Dungeon)
Wands
 v - a wand of paralysis (13)
Scrolls
 k - a scroll of teleportation
 n - a scroll of noise
 r - a scroll of remove curse
 w - a scroll of enchant armour
Potions
 h - 2 potions of curing
 j - a potion of heal wounds
 x - a potion of brilliance
Books
 c - a book of Changes

   Spells                             Type                      Level
   a - Beastly Appendage              Transmutation                1
   b - Sticks to Snakes               Transmutation                2
   c - Spider Form                    Transmutation/Poison         3
   d - Ice Form                       Ice/Transmutation            4
   e - Blade Hands                    Transmutation                5
Comestibles
 d - 7 rations


   Skills:
 + Level 4.5 Fighting
 + Level 3.6 Short Blades
 + Level 3.6 Long Blades
 + Level 3.6 Axes
 + Level 3.6 Maces & Flails
 + Level 3.6 Polearms
 + Level 3.6 Staves
 + Level 3.6 Slings
 + Level 3.6 Bows
 + Level 3.6 Crossbows
 + Level 3.6 Throwing
 + Level 3.6 Armour
 + Level 5.9 Dodging
 + Level 3.6 Stealth
 + Level 3.6 Shields
 + Level 7.5 Unarmed Combat
 + Level 6.2 Spellcasting
 + Level 3.0 Conjurations
 + Level 3.0 Hexes
 + Level 3.0 Charms
 + Level 3.0 Summonings
 + Level 3.0 Necromancy
 + Level 3.0 Translocations
 + Level 4.9 Transmutations
 + Level 3.0 Fire Magic
 + Level 3.0 Ice Magic
 + Level 3.0 Air Magic
 + Level 3.0 Earth Magic
 + Level 3.0 Poison Magic
 + Level 4.0 Invocations
 + Level 3.6 Evocations


You had 8 spell levels left.
You knew the following spells:

 Your Spells              Type           Power        Failure   Level  Hunger
e - Beastly Appendage     Tmut           ###...       7%          1    None
h - Blade Hands           Tmut           ###.......   61%         5    #####..
k - Sticks to Snakes      Tmut           ###.....     9%          2    None
p - Spider Form           Tmut/Pois      ###.......   19%         3    ##.....


Dungeon Overview and Level Annotations

Branches:
Dungeon (7/15)
 Temple: D:4-7

Altars:
Dithmenos
Kikubaaqudgha
Ru

Annotations:
D:6 Lovchig's ghost, novice DDFi


Innate Abilities, Weirdness & Mutations

Your experience applies equally to all skills.
((You have very sharp teeth.))
Your uncanny sense of smell can sniff out nearby items.


Message History

The iguana is severely wounded.
The iguana barely misses you.
You hit the iguana.
The iguana looks as sick as possible!
The iguana is almost dead.
You kill the iguana!
Your Conjurations skill increases to level 3!
Your Hexes skill increases to level 3!
Your Charms skill increases to level 3!
Your Summonings skill increases to level 3!
Your Necromancy skill increases to level 3!
Your Translocations skill increases to level 3!
Your Fire Magic skill increases to level 3!
Your Ice Magic skill increases to level 3!
Your Air Magic skill increases to level 3!
Your Earth Magic skill increases to level 3!
Your Poison Magic skill increases to level 3!
Things that are here:
a giant spiked club; a giant club Your transformation is almost over.
Okay, then.
Found 12 gold pieces.
A gnoll comes into view. It is wielding a halberd.
There is an open door here.
Your transformation has ended.
Your +0 dagger unmelds from your body.
Your +1 pair of boots unmelds from your body.
Your +0 robe unmelds from your body.
You open the door.
There is an open door here.
You open the door.
A ball python comes into view.
There is an open door here.
Unknown command.
You open the door.
There is an open door here.
You are feeling hungry.
There is an open door here.
You open the door.
A quokka comes into view.
There is an open door here.
Casting: Spider Form
Confirm with . or Enter, or press ? or * to list all spells.
You turn into a venomous arachnid creature.
Your +0 dagger melds into your body.
Your +1 pair of boots melds into your body.
Your +0 robe melds into your body.
Unknown command.
You bite the quokka!
You kill the quokka!
You see here a quokka corpse.
You butcher the quokka corpse.
Things that are here:
2 chunks of flesh; a quokka skeleton Eat one of 2 chunks of flesh? (ye/n/q)
You eat one of the 2 chunks of flesh.
This raw flesh tastes terrible.
You open the door. You open the door.
A shadow imp comes into view.
There is an open door here.
The shadow imp completely misses you.
Casting: Spider Form
Confirm with . or Enter, or press ? or * to list all spells.
You create 2 snakes!
You now have 42 arrows.
Your transformation is almost over.
The shadow imp hits you.
* * * LOW HITPOINT WARNING * * *
You bite the shadow imp!
The shadow imp is severely wounded.
The shadow imp misses you.
You bite the shadow imp!
You kill the shadow imp!
There is an open door here.
As you read the scroll of teleportation, it crumbles to dust.
You feel strangely unstable.
Your transformation has ended.
Your +0 dagger unmelds from your body.
Your +1 pair of boots unmelds from your body.
Your +0 robe unmelds from your body.
Your surroundings suddenly seem different.
Found a falchion.
Casting: Sticks to Snakes
Confirm with . or Enter, or press ? or * to list all spells.
You turn into a venomous arachnid creature.
Your +0 dagger melds into your body.
Your +1 pair of boots melds into your body.
Your +0 robe melds into your body.
The hound barks!
Unknown command.
You bite the hound!
The hound looks as sick as possible!
The hound is almost dead.
The hound closely misses you. The hound misses you.
You bite the hound!
You kill the hound!
You see here a hound corpse.
You found an alarm trap!
A gnoll comes into view. It is wielding a whip.
An iguana comes into view.
There is an open door here.
Your transformation is almost over.
Your adder withers and dies!
Are you sure you want to abandon this character and quit the game? (Confirm with "yes".)

............#.......#
.....g......#.......#
....S.......#.......#
#'########'###########
l..........g.........#
.....................#
.$........l..........#
.....................#
................s....#
##############'#######
......# ...# ......
.....# ..... .......#
..... ######### ####
##'#####......###...#
..............#.....#
.%...........S#.....#


You could see an iguana and a gnoll.

Vanquished Creatures
  A two-headed ogre (D:6)
  The ghost of Wehk the Skirmisher, a novice CeWr (D:5)
  A water moccasin (D:5)
  A bullfrog (D:6)
  2 howler monkeys (D:5)
  A hound (D:6)
  An orc priest (D:5)
  A bullfrog skeleton (D:5)
  A centaur skeleton (D:6)
  An orc wizard (D:5)
  An iguana (D:6)
  2 worker ants
  A worker ant zombie (D:6)
  A howler monkey skeleton (D:4)
  9 adders
  A shadow imp (D:6)
  An ooze (D:2)
  A dart slug (D:1)
  3 leopard geckos
  10 orcs
  A giant cockroach (D:1)
  7 hobgoblins
  4 kobolds
  2 quokkas
  3 ball pythons
  4 bats
  2 frilled lizards
  11 goblins
  A jackal zombie (D:6)
  4 rats (D:3)
80 creatures vanquished.

Vanquished Creatures (collateral kills)
  A hound (D:5)
1 creature vanquished.

Grand Total: 81 creatures vanquished

Notes
Turn   | Place    | Note
-------+----------+-------------------------------------------
     0 | D:1      | tidbits the Gnoll Transmuter began the quest for the Orb.
     0 | D:1      | Reached XP level 1. HP: 17/17 MP: 6/6
   139 | D:1      | Reached XP level 2. HP: 21/23 MP: 5/7
   147 | D:1      | Learned a level 2 spell: Sticks to Snakes
   299 | D:2      | Reached XP level 3. HP: 17/28 MP: 7/9
   304 | D:2      | Reached skill level 5 in Spellcasting
   371 | D:2      | Found an ancient bone altar of Kikubaaqudgha.
   405 | D:2      | Learned a level 3 spell: Spider Form
   432 | D:2      | Found a sacrificial altar of Ru.
   457 | D:3      | Reached skill level 1 in Invocations
   462 | D:3      | Reached skill level 1 in Short Blades
   462 | D:3      | Reached skill level 1 in Long Blades
   462 | D:3      | Reached skill level 1 in Axes
   462 | D:3      | Reached skill level 1 in Maces & Flails
   462 | D:3      | Reached skill level 1 in Polearms
   462 | D:3      | Reached skill level 1 in Staves
   462 | D:3      | Reached skill level 1 in Slings
   462 | D:3      | Reached skill level 1 in Bows
   462 | D:3      | Reached skill level 1 in Crossbows
   462 | D:3      | Reached skill level 1 in Throwing
   462 | D:3      | Reached skill level 1 in Armour
   462 | D:3      | Reached skill level 1 in Stealth
   462 | D:3      | Reached skill level 1 in Shields
   462 | D:3      | Reached skill level 1 in Evocations
   480 | D:3      | Reached XP level 4. HP: 27/34 MP: 6/11
   608 | D:3      | Reached skill level 1 in Conjurations
   608 | D:3      | Reached skill level 1 in Hexes
   608 | D:3      | Reached skill level 1 in Charms
   608 | D:3      | Reached skill level 1 in Summonings
   608 | D:3      | Reached skill level 1 in Necromancy
   608 | D:3      | Reached skill level 1 in Translocations
   608 | D:3      | Reached skill level 1 in Fire Magic
   608 | D:3      | Reached skill level 1 in Ice Magic
   608 | D:3      | Reached skill level 1 in Air Magic
   608 | D:3      | Reached skill level 1 in Earth Magic
   608 | D:3      | Reached skill level 1 in Poison Magic
   699 | D:3      | Reached XP level 5. HP: 12/40 MP: 1/12
   823 | D:5      | Entered Level 5 of the Dungeon
   827 | D:5      | Reached skill level 3 in Fighting
   827 | D:5      | Reached skill level 4 in Transmutations
   887 | D:5      | Found a shadowy altar of Dithmenos.
   950 | D:5      | Reached skill level 2 in Invocations
   950 | D:5      | Reached XP level 6. HP: 39/47 MP: 6/13
  1002 | D:5      | Noticed Wehk's ghost (novice CeWr)
  1014 | D:5      | Learned a level 5 spell: Blade Hands
  1079 | D:6      | Noticed Lovchig's ghost (novice DDFi)
  1100 | D:6      | Reached skill level 2 in Short Blades
  1100 | D:6      | Reached skill level 2 in Long Blades
  1100 | D:6      | Reached skill level 2 in Axes
  1100 | D:6      | Reached skill level 2 in Maces & Flails
  1100 | D:6      | Reached skill level 2 in Polearms
  1100 | D:6      | Reached skill level 2 in Staves
  1100 | D:6      | Reached skill level 2 in Slings
  1100 | D:6      | Reached skill level 2 in Bows
  1100 | D:6      | Reached skill level 2 in Crossbows
  1100 | D:6      | Reached skill level 2 in Throwing
  1100 | D:6      | Reached skill level 2 in Armour
  1100 | D:6      | Reached skill level 5 in Dodging
  1100 | D:6      | Reached skill level 2 in Stealth
  1100 | D:6      | Reached skill level 2 in Shields
  1100 | D:6      | Reached skill level 2 in Evocations
  1107 | D:6      | Noticed a two-headed ogre
  1217 | D:5      | Noticed a water moccasin
  1217 | D:5      | Reached XP level 7. HP: 52/52 MP: 15/15
  1224 | D:5      | Killed Wehk's ghost
  1224 | D:5      | Reached skill level 7 in Unarmed Combat
  1224 | D:5      | Reached skill level 2 in Conjurations
  1224 | D:5      | Reached skill level 2 in Hexes
  1224 | D:5      | Reached skill level 2 in Charms
  1224 | D:5      | Reached skill level 2 in Summonings
  1224 | D:5      | Reached skill level 2 in Necromancy
  1224 | D:5      | Reached skill level 2 in Translocations
  1224 | D:5      | Reached skill level 2 in Fire Magic
  1224 | D:5      | Reached skill level 2 in Ice Magic
  1224 | D:5      | Reached skill level 2 in Air Magic
  1224 | D:5      | Reached skill level 2 in Earth Magic
  1224 | D:5      | Reached skill level 2 in Poison Magic
  1224 | D:5      | Reached skill level 3 in Invocations
  1229 | D:5      | Reached XP level 8. HP: 52/60 MP: 12/16
  1349 | D:6      | Killed a two-headed ogre
  1349 | D:6      | Reached skill level 4 in Fighting
  1349 | D:6      | Reached skill level 3 in Short Blades
  1349 | D:6      | Reached skill level 3 in Long Blades
  1349 | D:6      | Reached skill level 3 in Axes
  1349 | D:6      | Reached skill level 3 in Maces & Flails
  1349 | D:6      | Reached skill level 3 in Polearms
  1349 | D:6      | Reached skill level 3 in Staves
  1349 | D:6      | Reached skill level 3 in Slings
  1349 | D:6      | Reached skill level 3 in Bows
  1349 | D:6      | Reached skill level 3 in Crossbows
  1349 | D:6      | Reached skill level 3 in Throwing
  1349 | D:6      | Reached skill level 3 in Armour
  1349 | D:6      | Reached skill level 3 in Stealth
  1349 | D:6      | Reached skill level 3 in Shields
  1349 | D:6      | Reached skill level 6 in Spellcasting
  1349 | D:6      | Reached skill level 4 in Invocations
  1349 | D:6      | Reached skill level 3 in Evocations
  1352 | D:6      | Reached skill level 3 in Conjurations
  1352 | D:6      | Reached skill level 3 in Hexes
  1352 | D:6      | Reached skill level 3 in Charms
  1352 | D:6      | Reached skill level 3 in Summonings
  1352 | D:6      | Reached skill level 3 in Necromancy
  1352 | D:6      | Reached skill level 3 in Translocations
  1352 | D:6      | Reached skill level 3 in Fire Magic
  1352 | D:6      | Reached skill level 3 in Ice Magic
  1352 | D:6      | Reached skill level 3 in Air Magic
  1352 | D:6      | Reached skill level 3 in Earth Magic
  1352 | D:6      | Reached skill level 3 in Poison Magic
  1461 | D:6      | Quit the game

Skill      XL: |  1  2  3  4  5  6  7  8 |
---------------+-------------------------+-----
Spellcasting   | 5 6 |  6.2
Invocations    | 1 2 3 4 |  4.0
Short Blades   | 1 2 3 |  3.6
Long Blades    | 1 2 3 |  3.6
Axes           | 1 2 3 |  3.6
Maces & Flails | 1 2 3 |  3.6
Polearms       | 1 2 3 |  3.6
Staves         | 1 2 3 |  3.6
Slings         | 1 2 3 |  3.6
Bows           | 1 2 3 |  3.6
Crossbows      | 1 2 3 |  3.6
Throwing       | 1 2 3 |  3.6
Armour         | 1 2 3 |  3.6
Stealth        | 1 2 3 |  3.6
Shields        | 1 2 3 |  3.6
Evocations     | 1 2 3 |  3.6
Conjurations   | 1 2 3 |  3.0
Hexes          | 1 2 3 |  3.0
Charms         | 1 2 3 |  3.0
Summonings     | 1 2 3 |  3.0
Necromancy     | 1 2 3 |  3.0
Translocations | 1 2 3 |  3.0
Fire Magic     | 1 2 3 |  3.0
Ice Magic      | 1 2 3 |  3.0
Air Magic      | 1 2 3 |  3.0
Earth Magic    | 1 2 3 |  3.0
Poison Magic   | 1 2 3 |  3.0
Fighting       | 3 4 |  4.5
Transmutations | 4 |  4.9
Dodging        | 5 |  5.9
Unarmed Combat | 7 |  7.5

Action                   |  1- 3 |  4- 6 |  7- 9 || total
-------------------------+-------+-------+-------++-------
Melee: Unarmed           |    52 |   101 |    37 ||   190
       Kick              |     7 |     2 |       ||     9
       Bite              |     3 |     3 |       ||     6
       Punch             |     1 |     1 |     1 ||     3
       Dagger            |       |       |     2 ||     2
 Cast: Beastly Appendage |     9 |     3 |       ||    12
       Spider Form       |     2 |    11 |     4 ||    17
       Sticks to Snakes  |     1 |     8 |     1 ||    10
       Blade Hands       |       |     1 |       ||     1
Evoke: Wand              |       |     3 |     3 ||     6
  Use: Scroll            |     3 |     5 |     1 ||     9
       Potion            |     2 |     4 |     1 ||     7
 Stab: Sleeping          |     1 |       |       ||     1
       Distracted        |       |     1 |       ||     1
       Paralysed         |       |       |     2 ||     2
  Eat: Chunk             |       |     2 |     2 ||     4
Armor: Robe              |     5 |     3 |       ||     8
       Skin              |       |     2 |     1 ||     3
Dodge: Dodged            |    46 |    94 |    48 ||   188

Table legend:
 A = Turns spent in this place as a percentage of turns spent in the entire game.
 B = Non-inter-level travel turns spent in this place as a percentage of non-inter-level travel turns spent in the entire game.
 C = Inter-level travel turns spent in this place as a percentage of turns spent in this place.
 D = Turns resting spent in this place as a percentage of non-inter-level travel turns spent in this place.
 E = Turns spent auto-exploring this place as a percentage of non-inter-level travel turns spent in this place.
 F = Non-inter-level travel turns spent in this place divided by the number of levels of this place that you've seen.
                   A       B       C       D       E      F
               +-------+-------+-------+-------+-------+----------------------
         Total | 100.0 | 100.0 |   0.8 |   0.0 |   0.0 | 207.0
       Dungeon | 100.0 | 100.0 |   0.8 |   0.0 |   0.0 | 207.0
               +-------+-------+-------+-------+-------+----------------------

Table legend:
 A = Kills in this place as a percentage of kills in entire the game.
 B = Kills by you in this place as a percentage of kills by you in the entire game.
 C = Kills by friends in this place as a percentage of kills by friends in the entire game.
 D = Other kills in this place as a percentage of other kills in the entire game.
 E = Experience gained in this place as a percentage of experience gained in the entire game.
 F = Experience gained in this place divided by the number of levels of this place that you have seen.
                   A       B       C       D       E      F
               +-------+-------+-------+-------+-------+----------------------
         Total | 100.0 | 100.0 | 100.0 |   N/A | 100.0 | 331.3
       Dungeon | 100.0 | 100.0 | 100.0 |   N/A | 100.0 | 331.3
               +-------+-------+-------+-------+-------+----------------------

Vault maps used:
D:1:      minmay_arrival_nine_rooms
D:2:      kiku_gazebo_pond_becter, nicolae_ru_awakened_eye,
          makhleb_heckhound_becter
D:3:      kennysheep_six_static_rooms, kennysheep_slug_shrine,
          lemuel_another_geyser
D:4:      cheibrodos_greedy_goblins
D:5:      grunt_dithmenos_smoke_and_mirrors, first_ration
D:7:      kennysheep_mini_moat, lemuel_temple_firewalk_b,
          uniq_crazy_yiuf_cottage
